Match 32907015
Unlisted

Match 32907015
End
Construct Infanterie Kompanie
Kettenkrad Recon Vehicle
Grenadier Squad
Grenadier Squad
MG 42 Machine Gun Team
Construct Luftwaffe Kompanie
Luftwaffe Officer Quarters
Jäger Squad
Medical Bunker
Jäger Squad
Selects Mechanized Battlegroup
Selects Raid Package
Selects 8 Rad Armored Car
Selects UNKNOWN (2160084)
Construct Panzer Kompanie
Panzer IV Medium Tank
Panzer Officer Quarters
Selects Spotting Scopes
Selects Wespe Self-propelled Artillery
Wespe Self-propelled Artillery
Panther Heavy Tank
Side Skirts
Bruistablet
-StanA-
0
0

Comments sign in to comment!

No comments posted yet!